 Dungeon Crawl Stone Soup version bcrawl-1.27.3 (webtiles) character file.

Game seed: 1232270836505436203

179493 pasperui the Ducker (level 5, -3/47 HPs)
             Began as a Gnoll Reaver on Sept 8, 2020.
             Was a Believer of Vehumet.
             Slain by Edmund
             ... wielding a +4 flail of protection
              (6 damage)
             ... on level 4 of the Dungeon.
             The game lasted 00:07:32 (2254 turns).

pasperui the Ducker (Gnoll Reaver)                  Turns: 2254, Time: 00:07:33

Health: -3/47      AC:  6    Str: 14    XL:     5   Next: 89%
Magic:  11/12      EV: 16    Int: 17    God:    Vehumet [**....]
Gold:   414        SH:  1    Dex: 13    Spells: 13/14 levels left

rFire    + . .     SeeInvis .   a - +0 long sword
rCold    . . .     Gourm    .   (no shield)
rNeg     . . .     Faith    .   b - +0 steam dragon scales
rPois    .         Spirit   .   (no helmet)
rElec    .         Reflect  .   (no cloak)
rCorr    .         Harm     .   v - +0 pair of gloves
MR       .....                  (no boots)
Stlth    ++........             (no amulet)
HPRegen  0.15/turn              s - ring of protection from fire
MPRegen  0.13/turn              w - ring of flight

@: hasted, very quick
A: distributed training, fangs 1, strong nose
a: Renounce Religion, Evoke Flight


You were on level 4 of the Dungeon.
You worshipped Vehumet.
Vehumet was pleased with you.
You were hungry.

You visited 1 branch of the dungeon, and saw 4 of its levels.

You collected 414 gold pieces.

Inventory:

Hand Weapons
 a - a +0 long sword (weapon)
Missiles
 m - 708 arrows
 n - 544 stones (quivered)
Armour
 b - +0 steam dragon scales (worn)
 h - a +2 hat
 v - a +0 pair of gloves (worn)
Jewellery
 s - a ring of protection from fire (left hand)
 w - a ring of flight (right hand)
Wands
 u - a wand of acid (10)
Scrolls
 d - 2 scrolls of immolation
 f - 5 scrolls of identify
 k - a scroll of noise {unknown}
 l - 3 scrolls of amnesia {unknown}
 o - 2 scrolls of enchant weapon {unknown}
 p - a scroll of enchant armour {unknown}
 q - a scroll of fog {unknown}
 r - a scroll of magic mapping {unknown}
 t - 2 scrolls of remove curse {unknown}
Potions
 g - a potion of degeneration {unknown}
 i - 3 potions of curing {unknown}
 j - a potion of lignification {unknown}
Comestibles
 e - 10 rations {!d}


   Skills:
 + Level 6.7 Fighting
 + Level 1.6 Short Blades
 + Level 6.7 Long Blades
 + Level 1.6 Axes
 + Level 1.6 Maces & Flails
 + Level 1.6 Polearms
 + Level 1.6 Staves
 + Level 1.6 Slings
 + Level 1.6 Bows
 + Level 1.6 Crossbows
 + Level 1.6 Throwing
 + Level 1.6 Armour
 + Level 6.7 Dodging
 + Level 1.6 Stealth
 + Level 1.6 Shields
 + Level 1.6 Unarmed Combat
 + Level 5.2 Spellcasting
 + Level 1.3 Conjurations
 + Level 1.3 Hexes
 + Level 1.3 Charms
 + Level 1.3 Summonings
 + Level 1.3 Necromancy
 + Level 1.3 Translocations
 + Level 1.3 Transmutations
 + Level 1.3 Fire Magic
 + Level 1.3 Ice Magic
 + Level 1.3 Air Magic
 + Level 1.3 Earth Magic
 + Level 1.3 Poison Magic
 + Level 1.8 Invocations
 + Level 1.6 Evocations


You had 13 spell levels left.
You knew the following spells:

 Your Spells              Type           Power        Failure   Level  Hunger
a - Sting                 Conj/Pois      #...         2%          1    None

Your spell library contained the following spells:

 Spells                   Type           Power        Failure   Level  Hunger
 Freeze                   Ice            #.....       2%          1    None
 Iskenderun's Battlesphe  Conj/Chrm      #.......     47%         5    ######.


Dungeon Overview and Level Annotations

Branches:
Dungeon (4/12)
 Temple: D:4-7

Altars:
Hepliaklqana
Uskayaw
Zin

Annotations:
D:3 2 transporters
D:4 Edmund


Innate Abilities, Weirdness & Mutations

Your experience applies equally to all skills.
You have very sharp teeth.
Your uncanny sense of smell can sniff out nearby items.


Message History

Edmund is severely wounded.
You hit Edmund but do no damage.
Edmund is severely wounded.
Edmund completely misses you.
You hit Edmund.
Edmund is severely wounded.
Edmund completely misses you.
You hit Edmund but do no damage.
Edmund is severely wounded.
You are feeling hungry.
You hit Edmund but do no damage. Your bite misses Edmund.
Edmund is severely wounded.
Edmund hits you with a +4 flail of protection.
* * * LOW HITPOINT WARNING * * *
You slash Edmund!
Edmund is almost dead.
You hit Edmund.
Edmund is almost dead.
Edmund hits you with a +4 flail of protection.
You die...

##### ...# ∆
#######.####
####.<..@@....#
..........##.##.#
######.##.##.##...
#. #.##........ ..
#.########### ###
#........
#########


You could see Edmund.

Vanquished Creatures
  A howler monkey (D:3)
  A worker ant (D:3)
  8 adders
  An ooze (D:3)
  An adder skeleton (D:2)
  4 leopard geckos
  9 orcs
  6 bats
  2 goblins (D:2)
  6 hobgoblins
  4 jackals (D:1)
  3 quokkas
  4 frilled lizards
  9 kobolds
  A quokka skeleton (D:3)
  6 rats
66 creatures vanquished.

Vanquished Creatures (others)
  5 toadstools (D:1)
5 creatures vanquished.

Grand Total: 71 creatures vanquished

Notes
Turn   | Place    | Note
-------+----------+-------------------------------------------
     0 | D:1      | pasperui the Gnoll Reaver began the quest for the Orb.
     0 | D:1      | Reached XP level 1. HP: 23/23 MP: 6/6
    47 | D:1      | Reached XP level 2. HP: 17/29 MP: 7/7
   515 | D:2      | Reached * piety under Vehumet
   515 | D:2      | Offered knowledge of Sting by Vehumet.
   519 | D:2      | Learned a level 1 spell: Sting
   533 | D:2      | Reached XP level 3. HP: 35/35 MP: 9/9
   559 | D:2      | Reached skill level 5 in Spellcasting
   560 | D:2      | Found a hazy altar of Hepliaklqana.
   674 | D:2      | Found a hide-covered altar of Uskayaw.
   878 | D:2      | Reached skill level 1 in Invocations
  1347 | D:3      | Reached skill level 1 in Short Blades
  1347 | D:3      | Reached skill level 1 in Axes
  1347 | D:3      | Reached skill level 1 in Maces & Flails
  1347 | D:3      | Reached skill level 1 in Polearms
  1347 | D:3      | Reached skill level 1 in Staves
  1347 | D:3      | Reached skill level 1 in Slings
  1347 | D:3      | Reached skill level 1 in Bows
  1347 | D:3      | Reached skill level 1 in Crossbows
  1347 | D:3      | Reached skill level 1 in Throwing
  1347 | D:3      | Reached skill level 1 in Armour
  1347 | D:3      | Reached skill level 1 in Stealth
  1347 | D:3      | Reached skill level 1 in Shields
  1347 | D:3      | Reached skill level 1 in Unarmed Combat
  1347 | D:3      | Reached skill level 1 in Evocations
  1352 | D:3      | Reached XP level 4. HP: 31/41 MP: 11/11
  1493 | D:3      | Reached skill level 1 in Conjurations
  1493 | D:3      | Reached skill level 1 in Hexes
  1493 | D:3      | Reached skill level 1 in Charms
  1493 | D:3      | Reached skill level 1 in Summonings
  1493 | D:3      | Reached skill level 1 in Necromancy
  1493 | D:3      | Reached skill level 1 in Translocations
  1493 | D:3      | Reached skill level 1 in Transmutations
  1493 | D:3      | Reached skill level 1 in Fire Magic
  1493 | D:3      | Reached skill level 1 in Ice Magic
  1493 | D:3      | Reached skill level 1 in Air Magic
  1493 | D:3      | Reached skill level 1 in Earth Magic
  1493 | D:3      | Reached skill level 1 in Poison Magic
  1540 | D:3      | Reached XP level 5. HP: 28/47 MP: 12/12
  1551 | D:3      | Offered knowledge of Freeze by Vehumet.
  1562 | D:3      | Reached ** piety under Vehumet
  1659 | D:3      | Found a transporter.
  1801 | D:3      | Found a transporter.
  1941 | D:3      | Found a glowing silver altar of Zin.
  2221 | D:4      | Noticed Edmund
  2252 | D:4      | HP: 2/47 [Edmund/+4 flail of protection (6)]
  2254 | D:4      | Slain by Edmund

Skill      XL: |  1  2  3  4 |
---------------+-------------+-----
Spellcasting   | 5 |  5.2
Invocations    | 1 |  1.8
Short Blades   | 1 |  1.6
Axes           | 1 |  1.6
Maces & Flails | 1 |  1.6
Polearms       | 1 |  1.6
Staves         | 1 |  1.6
Slings         | 1 |  1.6
Bows           | 1 |  1.6
Crossbows      | 1 |  1.6
Throwing       | 1 |  1.6
Armour         | 1 |  1.6
Stealth        | 1 |  1.6
Shields        | 1 |  1.6
Unarmed Combat | 1 |  1.6
Evocations     | 1 |  1.6
Conjurations   | 1 |  1.3
Hexes          | 1 |  1.3
Charms         | 1 |  1.3
Summonings     | 1 |  1.3
Necromancy     | 1 |  1.3
Translocations | 1 |  1.3
Transmutations | 1 |  1.3
Fire Magic     | 1 |  1.3
Ice Magic      | 1 |  1.3
Air Magic      | 1 |  1.3
Earth Magic    | 1 |  1.3
Poison Magic   | 1 |  1.3
Fighting       | |  6.7
Long Blades    | |  6.7
Dodging        | |  6.7

Action                   |  1- 3 |  4- 6 || total
-------------------------+-------+-------++-------
Melee: Long sword        |   143 |   154 ||   297
       Bite              |    12 |    16 ||    28
 Cast: Sting             |       |     2 ||     2
  Use: Potion            |       |     1 ||     1
 Stab: Sleeping          |     5 |     1 ||     6
  Eat: Chunk             |     5 |     6 ||    11
Armor: Steam dragon scal |    27 |    32 ||    59
Dodge: Dodged            |   105 |   112 ||   217
Block: Other             |     2 |    10 ||    12
